AoeStats
← a4rkangel

Four Lakes

508566117Analyzed
1v1 RM · 9d ago on Sep 23, 2026· 43m 4s· 2 players
Game mode
Random Map
Map size
Tiny (2 player)
Population
200
Speed
Normal
Resources
Standard
Victory
Conquest
Starting age
Dark Age
Ending age
Imperial Age
RankedLock teamsTeams togetherTeam positionsShared explorationLock speedFull tech treeHidden civsTurbo modeCheats
Victory
Defeat
🇲🇽 Portuguese · Mexico
734
+16
🇨🇱 Magyars · Chile
728
-16
a4rkangel
7:54 Loom
10:19 Feudal Age
21:30 Castle Age
20:44 Gold Mining
21:37 Bloodlines
22:01 Fletching
22:33 Stone Mining
23:20 Gold Shaft Mining
22:51 Husbandry
28:06 Double-Bit Axe
28:53 Horse Collar
30:38 Heavy Plow
39:26 Imperial Age
37:55 Bow Saw
38:27 Scale Barding Armor
38:18 Bodkin Arrow
38:33 Scale Barding Armor
39:50 Wheelbarrow
39:55 Ballistics
39:31 Murder Holes
40:36 Chain Barding Armor
40:17 Bracer
40:41 Fishing Lines
40:39 Cavalier
42:48 Hand Cart
DOTORSACAMUELAS
0:50 Loom
12:24 Feudal Age
12:59 Double-Bit Axe
18:23 Stone Mining
21:25 Castle Age
21:51 Pikeman
24:55 Wheelbarrow
26:45 Hand Cart
31:10 Husbandry
31:29 Scale Barding Armor
31:14 Town Watch
35:19 Horse Collar
38:38 Imperial Age
36:57 Town Patrol
38:03 Scale Mail Armor
38:41 Halberdier
40:48 Bow Saw
41:42 Conscription
42:26 Cavalier
Connection lost

Rejoining the realm…

Still unreachable

The connection could not be restored.

Session expired

The server has moved on; the page needs a fresh start.